Description

This replay comes from a Tournament: Clem vs SKillous.

This build order is a 2 rax opening / 4reapers. This build order is really strong against every kind of opening but it's hard to use. The early push can instantly kill an unprepared Protoss.

You will need a lot of micro on reapers to use this build.

VOD

https://youtu.be/0yp3I3Wq6uE

Replay - Clem 4 reaper open PvT

Build Order

Get SALT Encoding   

  12  0:00  SCV  
  13  0:12  SCV  
  14  0:17  Supply Depot  
  14  0:24  SCV  
  15  0:38  SCV  
  15  0:39  Barracks  
  16  0:43  Refinery  
  16  0:50  SCV  
  17  0:59  Barracks  
  17  1:03  SCV  
  18  1:15  SCV  
  19  1:25  Reaper  
  19  1:27  Orbital Command  
  20  1:35  Supply Depot  
  20  1:47  Reaper  
  20  1:53  SCV  
  22  2:02  Reaper  
  23  2:10  Command Center  
  23  2:12  SCV  
  24  2:20  Refinery, Reaper  
  25  2:26  Supply Depot  
  25  2:28  SCV  
  26  2:37  Marine  
  28  2:51  Factory  
  28  2:53  Marine x2  
  32  3:14  Marine  
  32  3:19  Barracks Tech Lab  
  33  3:22  Orbital Command  
  36  3:35  Starport  
  36  3:36  Factory Tech Lab  
  36  3:39  Marine  
  37  3:44  Engineering Bay  
  37  3:54  Barracks Reactor  
  38  3:57  Marine  
  40  4:11  Siege Tank  
  40  4:13  Supply Depot  
  40  4:14  Missile Turret, Marine  
  44  4:18  Barracks  
  46  4:26  Supply Depot  
  46  4:31  Marine x3  
  51  4:46  Starport Reactor  
  51  4:50  Refinery  
  55  4:53  Factory Reactor  
Spawning Tool Build Advisor. Get it on Overwolf

Go to:

Details

  • Created by: zuka      
  • Published on: Jun 04, 2020
  • Modified on: Jun 04, 2020
  • Patch: 4.11.0
  • Difficulty: Hard
Show
View Real Time Build Order
Export as new Build Order

Comments (0)

There are no comments. Be the first!

Create an account to comment!